 Dungeon Crawl Stone Soup version 0.18.1-48-g4cf74bf (webtiles) character file.

470 nikopol the Skirmisher (level 6, 0/56 HPs)
             Began as a Minotaur Berserker on July 23, 2016.
             Was a Priest of Trog.
             Succumbed to an orc wizard's poison
             ... on level 4 of the Dungeon.
             The game lasted 00:07:06 (2433 turns).

nikopol the Skirmisher (Minotaur Berserker)         Turns: 2433, Time: 00:07:06

Health: 0/56       AC:  7    Str: 22    XL:     6   Next: 82%
Magic:  5/5        EV: 12    Int:  4    God:    Trog [***...]
Gold:   76         SH:  0    Dex: 11    Spells: 0 memorised, 5 levels left

rFire  . . .     SeeInvis .     a - +0 spear
rCold  . . .     Gourm    .     e - +0 ring mail (curse)
rNeg   . . .     Faith    .     (no shield)
rPois  .         Spirit   .     (helmet restricted)
rElec  .         Dismiss  .     u - +0 cloak
rCorr  .         Reflect  .     (no gloves)
SustAt .         Harm     .     (no boots)
MR     .....                    (no amulet)
Stlth  +.........               (no ring)
                                (no ring)

@: lethally poisoned (0 -> -2), exhausted, slowed, very slow, not resistant to
hostile enchantments, very unstealthy
A: retaliatory headbutt, horns 2
a: Berserk, Trog's Hand, Burn Spellbooks, Renounce Religion


You were on level 4 of the Dungeon.
You worshipped Trog.
Trog was most pleased with you.
You were very hungry.

You visited 1 branch of the dungeon, and saw 4 of its levels.

You collected 76 gold pieces.

Inventory:

Hand Weapons
 a - a +0 spear (weapon)
Missiles
 j - 17 arrows
Armour
 b - a +0 animal skin
 e - a cursed +0 ring mail (worn)
 g - a +0 plate armour of magic resistance
 p - a +0 scale mail
 u - a +0 cloak (worn)
Scrolls
 d - 2 scrolls of remove curse {unknown}
 f - 5 scrolls of identify {unknown}
 k - a scroll of teleportation {unknown}
 l - a scroll of immolation {unknown}
 r - a scroll of recharging {unknown}
 s - a scroll of enchant weapon {unknown}
 t - a scroll of noise {unknown}
Potions
 h - 2 potions of curing {unknown}
 n - a potion of flight {unknown}
 o - a potion of heal wounds {unknown}
 q - a potion of cure mutation {unknown}
 w - a potion of agility {unknown}
Comestibles
 c - 2 bread rations
 i - 2 meat rations
 m - 2 beef jerkies
 v - a chunk of flesh


   Skills:
 + Level 5.6 Fighting
 + Level 5.2 Polearms
 + Level 4.9 Armour
 + Level 4.7 Dodging


You had 5 spell levels left.
You didn't know any spells.

Dungeon Overview and Level Annotations

Branches:
Dungeon (4/15)
 Temple: D:4-7

Altars:
Cheibriados
Kikubaaqudgha


Innate Abilities, Weirdness & Mutations

You reflexively headbutt those who attack you in melee.
You have a pair of horns on your head.


Message History

You see here a glowing inky potion.
w - a glowing inky potion
* * * LOW HITPOINT WARNING * * *
You feel sick.
* * * LOW HITPOINT WARNING * * *
You feel sick.
* * * LOW HITPOINT WARNING * * *
You feel sick.
* * * LOW HITPOINT WARNING * * *
You feel sick.
* * * LOW HITPOINT WARNING * * *
You feel sick.
Things that are here:
a dagger; a robe
* * * LOW HITPOINT WARNING * * *
You feel sick.
Things that are here:
a dagger; a robe You are feeling very hungry.
You die...

# .. ######## .#####
#......# ######........
##.####.### #.............#
## ..........#
#......?....... #)
........#.####).....(.......
#.
........#.#..)..............
..........#.##..@..........#
......)..##.##.............#
.........##.##..............
............##<.....).......
.....>..######..............
........# #..............
........# ############...
........# ####### #.....###
#.....#


There were no monsters in sight!

Vanquished Creatures
  Duvessa (D:4)
  Dowan (D:4)
  A howler monkey (D:4)
  2 hounds (D:4)
  An orc wizard (D:4)
  Jessica (D:2)
  Crazy Yiuf (D:3)
  3 adders
  5 worms
  3 dart slugs (D:1)
  4 giant geckos
  10 orcs
  4 giant cockroaches
  12 goblins
  4 hobgoblins
  3 jackals (D:3)
  4 kobolds
  A quokka (D:3)
  6 bats
  6 rats
73 creatures vanquished.

Notes
Turn   | Place    | Note
--------------------------------------------------------------
     0 | D:1      | nikopol the Minotaur Berserker began the quest for the Orb.
     0 | D:1      | Reached XP level 1. HP: 19/19 MP: 0/0
   207 | D:1      | Reached XP level 2. HP: 27/27 MP: 1/1
   756 | D:1      | Reached XP level 3. HP: 32/33 MP: 2/2
   920 | D:2      | Noticed Jessica
   926 | D:2      | Killed Jessica
   936 | D:2      | Reached ** piety under Trog
   977 | D:2      | Found a snail-covered altar of Cheibriados.
  1147 | D:2      | Reached XP level 4. HP: 38/41 MP: 3/3
  2004 | D:3      | Reached XP level 5. HP: 47/47 MP: 4/4
  2121 | D:3      | Found an ancient bone altar of Kikubaaqudgha.
  2159 | D:3      | Noticed Crazy Yiuf
  2168 | D:3      | Killed Crazy Yiuf
  2336 | D:4      | Reached skill level 5 in Fighting
  2375 | D:4      | Noticed Dowan
  2377 | D:4      | Noticed Duvessa
  2395 | D:4      | Reached *** piety under Trog
  2395 | D:4      | Reached XP level 6. HP: 30/56 MP: 5/5
  2399 | D:4      | Killed Duvessa
  2399 | D:4      | Reached skill level 5 in Polearms
  2408 | D:4      | Killed Dowan
  2427 | D:4      | HP: 2/56 [poisoned by an orc wizard]
  2433 | D:4      | Succumbed to an orc wizard's poison

Skill      XL: |  1  2  3  4  5  6 |
---------------+-------------------+-----
Fighting       | 4 5 |  5.6
Polearms       | 4 5 |  5.2
Armour         | 3 4 |  4.9
Dodging        | 3 4 |  4.7

Action                   |  1- 3 |  4- 6 || total
-------------------------+-------+-------++-------
Melee: Spear             |    83 |   149 ||   232
       Headbutt          |     7 |    17 ||    24
Invok: Berserk           |       |     2 ||     2
  Eat: Chunk             |     1 |     5 ||     6
Armor: Ring mail         |    20 |    35 ||    55
Dodge: Dodged            |    24 |    87 ||   111
